 Dungeon Crawl Stone Soup version 0.27.1-33-g824d729ab1 (webtiles) character file.

Game seed: 14598021926114450226

218 Altran the Covered (level 5, -1/46 HPs)
             Began as a Minotaur Fighter on Dec 11, 2021.
             Killed from afar by an orc wizard (7 damage)
             ... with a magic dart
             ... on level 3 of the Dungeon.
             The game lasted 00:04:54 (3249 turns).

Altran the Covered (Minotaur Fighter)               Turns: 3249, Time: 00:04:55

Health: -1/46      AC:  8    Str: 22    XL:     5   Next: 63%
Magic:  4/4        EV:  8    Int:  5    God:
Gold:   137        SH:  9    Dex:  9    Spells: 4/4 levels left

rFire    . . .     SeeInvis .   a - +0 flail
rCold    . . .     Faith    .   c - +0 kite shield
rNeg     . . .     Spirit   .   b - +0 scale mail
rPois    .         Reflect  .   (helmet restricted)
rElec    .         Harm     .   j - +0 cloak
rCorr    .         Rampage  .   (no gloves)
Will     .....                  (no boots)
Stlth    ..........             (no amulet)
HPRegen  0.15/turn              (no ring)
MPRegen  0.09/turn              (no ring)

@: no status effects
A: horns 2, retaliatory headbutt
a: no special abilities


You were on level 3 of the Dungeon.
You visited 1 branch of the dungeon, and saw 3 of its levels.

You collected 161 gold pieces.
You spent 24 gold pieces at shops.

Inventory:

Hand Weapons
 a - a +0 flail (weapon)
Armour
 b - a +0 scale mail (worn)
 c - a +0 kite shield (worn)
 j - a +0 cloak (worn)
Scrolls
 f - 2 scrolls of amnesia
 g - a scroll of identify
 h - 2 scrolls of noise {unknown}
 k - a scroll of brand weapon {unknown}
Potions
 d - a potion of might
 e - a potion of haste {unknown}
 i - a potion of curing {unknown}
 l - a potion of cancellation {unknown}
 m - a potion of magic {unknown}


   Skills:
 + Level 4.2 Fighting
 + Level 4.3 Maces & Flails
 + Level 5.3 Armour
 + Level 1.2 Dodging
 - Level 0.1 Stealth
 + Level 4.6 Shields


You had 4 spell levels left.
You didn't know any spells.
Your spell library contained the following spells:

 Spells                   Type           Power      Damage    Failure   Level
 Slow                     Hex            0%         N/A       100%        2
 Confusing Touch          Hex            0%         N/A       100%        3
 Yara's Violent Unravell  Hex/Tmut       0%         3d3       100%        5


Dungeon Overview and Level Annotations

Branches:
Dungeon (3/15)

Altars:
Qazlal

Shops:
D:3 ?


Innate Abilities, Weirdness & Mutations

You have a pair of horns on your head.
You reflexively headbutt those who attack you in melee.


Message History

Something hits you but does no damage.
You bump into the rock wall.
Something hits you but does no damage.
You bump into the rock wall.
The orc priest hits you with a +0 club. Something hits you but does no damage.
You bump into the rock wall.
The orc priest invokes the aid of Beogh against you.
Pain shoots through your body! Something hits you but does no damage.
You sock the orc priest!
The orc priest is severely wounded.
You feel less confused. The orc priest closely misses you.
You furiously retaliate!
You headbutt the orc priest. You barely miss the orc priest.
The orc priest is almost dead.
The orc priest invokes the aid of Beogh against you.
Beogh smites you!
You barely miss the orc priest. Your headbutt misses the orc priest.
The orc priest is almost dead.
Something hits you but does no damage. The orc priest hits you with a +0 club.
Something hits you but does no damage.
You barely miss the orc priest.
The orc priest is almost dead.
The orc priest hits you but does no damage.
Something hits you but does no damage.
The orc priest mumbles some strange prayers to Beogh against you.
Beogh smites you!
* * * LOW HITPOINT WARNING * * *
You sock the orc priest!
You kill the orc priest!
You hear some strange, mumbled words.
A magic dart appears from out of thin air!
The magic dart hits you but does no damage.
You block something's attack.
You hear some strange, mumbled words.
A puff of flame appears from out of thin air!
The puff of flame hits you.
* * * LOW HITPOINT WARNING * * *
A magic dart appears from out of thin air!
The magic dart hits you!
You die...

#.#######.........###
#.........###†#####
########### #.# #.#
#.# #.# #.#
#######)####
.........@.#
######...#.##########
#....).##........
##...#{##.######.#
##.##.).......#.#
#.#####.##†#.#.# #.#
#.##.#.#.# #+#
#....o...# #.####..##


There were no monsters in sight!

Vanquished Creatures
  A scorpion (D:3)
  An orc priest (D:3)
  An iguana (D:3)
  Robin (D:1)
  2 adders
  3 worms
  2 dart slugs (D:2)
  An orc (D:3)
  5 ball pythons
  5 bats
  6 endoplasms
  A giant cockroach (D:2)
  11 goblins
  5 hobgoblins
  4 jackals (D:3)
  5 quokkas
  A frilled lizard (D:1)
  7 kobolds
  4 rats
66 creatures vanquished.

Notes
Turn   | Place    | Note
-------+----------+-------------------------------------------
     0 | D:1      | Altran the Minotaur Fighter began the quest for the Orb.
     0 | D:1      | Reached XP level 1. HP: 19/19 MP: 0/0
   176 | D:1      | Reached skill level 4 in Armour
   181 | D:1      | Reached XP level 2. HP: 16/27 MP: 1/1
   914 | D:2      | Found a stormy altar of Qazlal.
   986 | D:2      | Noticed Robin
  1017 | D:2      | Reached XP level 3. HP: 33/33 MP: 2/2
  1355 | D:1      | Killed Robin
  1454 | D:2      | Reached XP level 4. HP: 40/40 MP: 3/3
  2850 | D:3      | Found Fidwef's Magic Scroll Emporium.
  2850 | D:3      | Noticed a scorpion
  2856 | D:3      | Killed a scorpion
  2857 | D:3      | Reached skill level 5 in Armour
  2857 | D:3      | Reached skill level 1 in Dodging
  2857 | D:3      | Reached XP level 5. HP: 45/46 MP: 4/4
  2860 | D:3      | Bought a scroll of identify for 24 gold pieces
  3249 | D:3      | Killed from afar by an orc wizard

Illustrated notes

Levels and vault maps discovered:
D:1:      wander_arrival_lonely_grave, layout_basic, serial_glass,
          glass_columns_a, glass_columns_b, due_unseen_surprise,
          feat_on_display, item_on_display_a, minmay_tree_intersection
D:2:      layout_loops_corners, basic_altar, grunt_ministairs_10,
          bh_walls_and_bars, uniq_robin
D:3:      layout_loops_corners, serial_shops, shop, uniq_ijyb

Skill      XL: |  1  2  3  4 |
---------------+-------------+-----
Armour         | 4 5 |  5.3
Shields        | 4 |  4.6
Maces & Flails | 3 4 |  4.3
Fighting       | 4 |  4.2
Dodging        | 1 |  1.2
Stealth        | |  0.1

Action                   |  1- 3 |  4- 6 || total
-------------------------+-------+-------++-------
Melee: Flail             |    98 |    72 ||   170
       Headbutt          |    22 |     8 ||    30
  Use: Scroll            |       |     1 ||     1
Armor: Scale mail        |    58 |    38 ||    96
Dodge: Dodged            |    41 |    17 ||    58
Block: Kite shield       |    63 |    46 ||   109
